 Dungeon Crawl Stone Soup version 0.23.2-1-ga50397a (webtiles) character file.

Game seed: 9838390722036143390

1109167 Kairos the Imperceptible (level 27, -1/168 (169) HPs)
             Began as a Formicid Fighter on Apr 19, 2019.
             Was the Champion of Dithmenos.
             Engulfed by a cloud of foul pestilence (7 damage)
             ... in Pandemonium on Apr 20, 2019.
             The game lasted 07:14:49 (79477 turns).

Kairos the Imperceptible (Formicid Fighter)        Turns: 79477, Time: 07:14:50

HP:   -1/168 (169)  AC: 31    Str: 37    XL:     27
MP:   0/34          EV: 31    Int:  7    God:    Dithmenos [******]
Gold: 6360          SH: 34    Dex: 20    Spells: 24/70 levels left

rFire    + + +     SeeInvis +   R - +11 lajatang of Big Damage {elec, Dex+8}
rCold    + + .     Gourm    .   V - +10 large shield of Ignorance {rN+ Int-4}
rNeg     + + +     Faith    .   h - +7 chain mail of Ysolol {-Tele rPois rF++ Slay+3}
rPois    +         Spirit   +   (helmet unavailable)
rElec    +         Reflect  .   J - +1 cloak of Starlight {rElec rC+ EV+4 Stlth--}
rCorr    .         Harm     .   e - +2 pair of gloves {Str+3}
MR       +++..                  Y - +2 pair of boots {run}
Stlth    ++++++++..             m - amulet of Res Nullius {Spirit rN+ Str+4 Int+2}
HPRegen  0.00/turn              Q - ring "Dekar" {*Drain +Fly rN+ MR+ Dex+6}
MPRegen  0.24/turn              G - ring "Wedd" {rF+ rC+ Slay+3}

@: mighty, lethally poisoned (-1 -> -35), regenerating (expiring), wreathed by
umbra, quick
A: permanent stasis, dig shafts and tunnels, four strong arms, antennae 3,
hooves 1, blurry vision 3, clumsy 2, deformed body, deterioration 2, dopey 2,
fire resistance 1, frail 3, low mp 3, screaming 3, electricity resistance,
inhibited regeneration, weak 2, no potion heal 3, subdued magic 3
}: 12/15 runes: decaying, serpentine, silver, iron, obsidian, icy, bone,
abyssal, demonic, glowing, magical, fiery
a: Dig, Shaft Self, Shadow Step, Shadow Form, Renounce Religion, Evoke Flight


You were in Pandemonium.
You worshipped Dithmenos.
Dithmenos was exalted by your worship.
You were hungry.

You visited 13 branches of the dungeon, and saw 69 of its levels.
You visited Pandemonium 1 time, and saw 15 of its levels.
You visited the Abyss 2 times.
You visited 1 bazaar.
You also visited: Sewer, Gauntlet, Ice Cave, Volcano and Wizlab.

You collected 12069 gold pieces.
You spent 5709 gold pieces at shops.

Inventory:

Hand Weapons
 x - the +11 lajatang of Inference {slice, *Drain rElec rN+++ Stlth+}
   (You acquired it on level 11 of the Dungeon)

   It inflicts extra damage upon your enemies.
   It insulates you from electricity.
   It renders you almost immune to negative energy.
   It causes draining when unequipped.
   It makes you more stealthy.
 y - the +5 demon whip "Spellbinder" {antimagic, MR+}
   (You found it on level 7 of the Dungeon)

   It reduces the magical energy of the wielder, and disrupts the spells and
   magical abilities of those hit.
   Natural abilities and divine invocations are not affected.
   It affects your resistance to hostile enchantments.
 D - a +4 sacred scourge of holy wrath
 R - the +11 lajatang of Big Damage (weapon) {elec, Dex+8}
   (You found it on level 1 of the Lair of Beasts)

   Occasionally, upon striking a foe, it will discharge some electrical energy
   and cause terrible harm.
   It affects your dexterity (+8).
 T - a +4 lajatang of flaming
 W - the +7 lajatang of the Tiger {slice, MR+ Str+2 Dex+4}
   (You found it on level 2 of the Snake Pit)

   It inflicts extra damage upon your enemies.
   It affects your strength (+2).
   It affects your dexterity (+4).
   It affects your resistance to hostile enchantments.
Missiles
 i - 7 silver tomahawks (quivered)
 Z - 4 silver javelins
Armour
 e - a +2 pair of gloves of strength (worn)
 h - the +7 chain mail of Ysolol (worn) {-Tele rPois rF++ Slay+3}
   (You found it on level 7 of Gehenna)

   It affects your accuracy and damage with ranged weapons and melee attacks
   (+3).
   It greatly protects you from fire.
   It protects you from poison.
   It prevents most forms of teleportation.
 J - the +1 cloak of Starlight (worn) {rElec rC+ EV+4 Stlth--}
   (You found it in a Gauntlet)

   It affects your evasion (+4).
   It protects you from cold.
   It insulates you from electricity.
   It makes you much less stealthy.
 N - the +7 plate armour of Zonnucei {rElec Int+3 Stlth+}
   (You found it on level 4 of the Depths)

   It affects your intelligence (+3).
   It insulates you from electricity.
   It makes you more stealthy.
 V - the +10 large shield of Ignorance (worn) {rN+ Int-4}
   (You found it on level 8 of the Dungeon)

   It affects your intelligence (-4).
   It protects you from negative energy.
 Y - a +2 pair of boots of running (worn)
Jewellery
 a - the ring "Omaasait" {+Inv rPois MP+9}
   (You bought it in a shop in a bazaar)

   [ring of magical power]

   It protects you from poison.
   It affects your magic capacity (+9).
   It lets you turn invisible.
 j - a +5 amulet of reflection
 m - the amulet of Res Nullius (around neck) {Spirit rN+ Str+4 Int+2}
   (You found it on level 7 of Tartarus)

   [amulet of guardian spirit]

   It causes incoming damage to be split between your health and magic.
   It affects your strength (+4).
   It affects your intelligence (+2).
   It protects you from negative energy.
 G - the ring "Wedd" (right hand) {rF+ rC+ Slay+3}
   (You bought it in a shop on level 4 of the Snake Pit)

   [ring of protection from fire]

   It affects your accuracy and damage with ranged weapons and melee attacks
   (+3).
   It protects you from fire.
   It protects you from cold.
 I - the ring "Hakereruc" {rPois Int+3 Dex+7 Stlth+}
   (You found it in a Gauntlet)

   [ring of poison resistance]

   It affects your intelligence (+3).
   It affects your dexterity (+7).
   It protects you from poison.
   It makes you more stealthy.
 K - the ring of Phasing {EV+8}
   (You took it off Antaeus on level 7 of Cocytus)

   [ring of evasion]

   It affects your evasion (+8).
 Q - the ring "Dekar" (left hand) {*Drain +Fly rN+ MR+ Dex+6}
   (You found it on level 7 of Tartarus)

   [ring of flight]

   It affects your dexterity (+6).
   It protects you from negative energy.
   It affects your resistance to hostile enchantments.
   It lets you fly.
   It causes draining when unequipped.
 S - an uncursed ring of resist corrosion
Wands
 t - a wand of polymorph (27)
 C - a wand of disintegration (41)
 F - a wand of paralysis (9)
 H - a wand of digging (18)
 L - a wand of scattershot (17)
 M - a wand of iceblast (77)
 O - a wand of acid (37)
Scrolls
 b - a scroll of summoning
 c - a scroll of holy word
 k - 15 scrolls of fear
 l - 8 scrolls of identify
 o - a scroll of magic mapping
 q - 28 scrolls of remove curse
 r - 7 scrolls of fog
 s - 2 scrolls of brand weapon
 w - 4 scrolls of enchant armour
 U - 5 scrolls of silence
Potions
 d - 5 potions of might
 g - 5 potions of invisibility
 n - 15 potions of brilliance
 p - a potion of magic
 u - 8 potions of lignification
 v - 2 potions of resistance
 z - 9 potions of heal wounds
 A - 6 potions of agility
 B - 10 potions of flight
 E - 8 potions of curing
 P - a potion of ambrosia
Miscellaneous
 X - 4 phantom mirrors
Comestibles
 f - 47 rations


   Skills:
 + Level 25.4 Fighting
 - Level 7.9(12.0) Maces & Flails
 - Level 14.0(14.6) Staves
 + Level 0.9 Throwing
 * Level 25.0 Armour
 * Level 21.5 Dodging
 * Level 25.7 Stealth
 - Level 15.0 Shields
 - Level 22.4 Spellcasting
 - Level 12.1 Hexes
 - Level 7.9 Charms
 - Level 10.5 Summonings
 - Level 7.7 Necromancy
 - Level 6.8 Translocations
 + Level 0.4 Transmutations
 * Level 13.3 Earth Magic
 * Level 14.3 Invocations
 + Level 5.7 Evocations


You had 24 spell levels left.
You knew the following spells:

 Your Spells              Type           Power        Failure   Level  Hunger
a - Petrify               Tmut/Erth      #.......     2%          4    ###....
b - Regeneration          Chrm/Necr      #.........   1%          3    None
c - Swiftness             Chrm/Air       #.......     1%          2    None
d - Lee's Rapid Deconstr  Erth           ##........   1%          5    #####..
e - Shatter               Erth           ##........   100%        9    #######
f - Borgnjor's Vile Clut  Necr/Erth      ##........   1%          5    #####..
g - Darkness              Hex            ##........   4%          6    ######.
h - Passage of Golubria   Tloc           N/A          2%          4    ###....
i - Aura of Abjuration    Summ           ##........   1%          5    #####..
j - Spectral Weapon       Hex/Chrm       ##......     1%          3    None

Your spell library contained the following spells:

 Spells                   Type           Power        Failure   Level  Hunger
 Confusing Touch          Hex            ##....       0%          1    None
 Corona                   Hex            ##.....      0%          1    None
 Sandblast                Erth           ##....       0%          1    None
 Summon Butterflies       Summ           ##......     0%          1    None
 Summon Small Mammal      Summ           ##..         0%          1    None
 Slow                     Hex            ##......     0%          2    None
 Animate Skeleton         Necr           N/A          1%          1    None
 Apportation              Tloc           #.....       1%          1    None
 Infusion                 Chrm           #...         1%          1    None
 Pain                     Necr           #...         1%          1    None
 Call Imp                 Summ           ##......     1%          2    None
 Ensorcelled Hibernation  Hex/Ice        #.....       1%          2    None
 Passwall                 Tmut/Erth      #.......     1%          2    None
 Shroud of Golubria       Chrm/Tloc      #.........   1%          2    None
 Song of Slaying          Chrm           #.......     1%          2    None
 Sublimation of Blood     Necr           #.........   1%          2    None
 Call Canine Familiar     Summ           ##......     1%          3    None
 Confuse                  Hex            ##......     1%          3    None
 Dazzling Spray           Conj/Hex       #.....       1%          3    None
 Gell's Gravitas          Tloc           #.........   1%          3    None
 Inner Flame              Hex/Fire       #.......     1%          3    None
 Lesser Beckoning         Tloc           #.........   1%          3    None
 Portal Projectile        Hex/Tloc       ##....       1%          3    None
 Stone Arrow              Conj/Erth      #.....       1%          3    None
 Summon Guardian Golem    Hex/Summ       ##......     1%          3    None
 Teleport Other           Tloc           #.......     1%          3    None
 Vampiric Draining        Necr           #.........   1%          3    None
 Animate Dead             Necr           N/A          1%          4    ###....
 Cause Fear               Hex            ##........   1%          4    ###....
 Leda's Liquefaction      Hex/Erth       ##........   1%          4    ###....
 Summon Mana Viper        Hex/Summ       ##......     1%          5    #####..
 Ozocubu's Armour         Chrm/Ice       #.......     2%          3    None
 Beastly Appendage        Tmut           #.....       3%          1    None
 Fulminant Prism          Conj/Hex       #.........   3%          4    ###....
 Flame Tongue             Conj/Fire      #....        4%          1    None
 Freeze                   Ice            #...         4%          1    None
 Magic Dart               Conj           #...         4%          1    None
 Shock                    Conj/Air       #...         4%          1    None
 Sting                    Conj/Pois      #...         4%          1    None
 Invisibility             Hex            ##......     4%          6    ######.
 Summon Ice Beast         Ice/Summ       #.......     5%          4    ###....
 Summon Lightning Spire   Summ/Air       #.......     5%          4    ###....
 Agony                    Necr           #.......     5%          5    #####..
 Sticks to Snakes         Tmut           #.......     6%          2    None
 Poisonous Vapours        Pois/Air       #.....       8%          2    None
 Searing Ray              Conj           #.....       8%          2    None
 Throw Flame              Conj/Fire      #.....       8%          2    None
 Throw Frost              Conj/Ice       #.....       8%          2    None
 Yara's Violent Unravell  Hex/Tmut       #.........   11%         5    #####..
 Shadow Creatures         Summ           N/A          11%         6    ######.
 Metabolic Englaciation   Hex/Ice        #.........   12%         5    #####..
 Silence                  Hex/Air        #.........   12%         5    #####..
 Force Lance              Conj/Tloc      #.......     13%         4    ###....
 Spider Form              Tmut/Pois      #.........   14%         3    None
 Conjure Flame            Conj/Fire      #.......     16%         3    None
 Ignite Poison            Fire/Tmut/Pois #.......     16%         3    None
 Mephitic Cloud           Conj/Pois/Air  #.......     16%         3    None
 Static Discharge         Conj/Air       #.......     16%         3    None
 Bolt of Magma            Conj/Fire/Erth #.........   26%         5    #####..
 Iskenderun's Battlesphe  Conj/Chrm      #.......     32%         5    #####..
 Ice Form                 Ice/Tmut       #.......     50%         4    ###....
 Dispersal                Tloc           #.........   50%         6    ######.
 Statue Form              Tmut/Erth      #........    50%         6    ######.
 Airstrike                Air            #.........   52%         4    ###....
 Iskenderun's Mystic Bla  Conj           #.......     52%         4    ###....
 Olgreb's Toxic Radiance  Pois           #.......     52%         4    ###....
 Sticky Flame             Conj/Fire      #.......     52%         4    ###....
 Throw Icicle             Conj/Ice       #.......     52%         4    ###....
 Iron Shot                Conj/Erth      #.........   52%         6    ######.
 Summon Hydra             Summ           ##........   56%         7    #######
 Haunt                    Necr/Summ      ##........   78%         7    #######
 Blade Hands              Tmut           #.........   85%         5    #####..
 Alistair's Intoxication  Tmut/Pois      #.......     86%         5    #####..
 Irradiate                Conj/Tmut      #.........   86%         5    #####..
 Fireball                 Conj/Fire      #.........   88%         5    #####..
 Lightning Bolt           Conj/Air       #.........   88%         5    #####..
 Venom Bolt               Conj/Pois      #.........   88%         5    #####..
 Deflect Missiles         Chrm/Air       #.........   90%         6    ######.
 Simulacrum               Ice/Necr       #.........   91%         6    ######.
 Discord                  Hex            ##........   97%         8    #######
 Bolt of Cold             Conj/Ice       #.........   100%        6    ######.
 Bolt of Fire             Conj/Fire      #.........   100%        6    ######.
 Conjure Ball Lightning   Conj/Air       #.........   100%        6    ######.
 Freezing Cloud           Conj/Ice/Air   #.........   100%        6    ######.
 Ozocubu's Refrigeration  Ice            #.........   100%        6    ######.
 Ring of Flames           Chrm/Fire      #.........   100%        7    #######
 Spellforged Servitor     Conj/Summ      #.........   100%        7    #######
 Borgnjor's Revivificati  Necr           #.........   100%        8    #######
 Death's Door             Chrm/Necr      #.........   100%        8    #######
 Disjunction              Tloc           #.........   100%        8    #######
 Ignition                 Fire           #.........   100%        8    #######
 Infestation              Necr           #.........   100%        8    #######
 Necromutation            Tmut/Necr      #.........   100%        8    #######
 Tornado                  Air            #.........   100%        9    #######
 Blink                    Tloc           Unusable     N/A         2    N/A
 Controlled Blink         Tloc           Unusable     N/A         8    N/A

Dungeon Overview and Level Annotations

Branches:
Dungeon (15/15)            Temple (0/1) D:7            Lair (6/6) D:11
  Swamp (4/4) Lair:3        Snake (4/4) Lair:3        Slime (0/5) Lair:5
    Orc (2/2) D:12            Elf (3/3) Orc:2        Vaults (5/5) D:14
  Crypt (0/3) Vaults:2     Depths (5/5) D:15           Hell (1/1)
    Dis (7/7) Hell            Geh (7/7) Hell            Coc (7/7) Hell
    Tar (7/7) Hell            Zot (0/5) Depths:5

Altars:
Ashenzari
Dithmenos
Fedhas
Kikubaaqudgha
Makhleb
Okawaru
Yredelemnul
Beogh
Lugonu

Shops:
D:4 *   D:5 :   Orc:2 [?::   Elf:1 *   Elf:2 [   Snake:2 *}![   Snake:4 ==}
Vaults:1 %   Vaults:3 *   Vaults:5 ?!?%!?!!?

Portals:
Hell: Depths:1 Depths:2 Depths:3 Depths:4 Depths:5
Abyss: Depths:1 Depths:4
Pandemonium: Depths:3
Ziggurat: Depths:3

Annotations:
D:8 1 runed translucent door, exclusion: 4 orange crystal statues


Innate Abilities, Weirdness & Mutations

You cannot be hasted, slowed, berserked, paralysed or teleported.
You can dig through walls and to a lower floor.
Your four strong arms can wield two-handed weapons with a shield.
You have a pair of large antennae on your head. (SInv)
You have large cloven feet.
Scrolls take you much longer to read.
You are very clumsy. (Dex -4)
Armour fits poorly on your strangely shaped body.
Your body often deteriorates upon taking damage.
You are very dopey. (Int -4)
Your flesh is heat resistant. (rF+)
You are extremely frail. (-30% HP)
Your magical capacity is extremely low. (-30% MP)
You frequently scream uncontrollably at your foes.
You are resistant to electric shocks. (rElec)
You do not regenerate when monsters are visible.
You are very weak. (Str -4)
Potions cannot restore your health.
Your spells are much easier to cast, but much less powerful.


Message History

The foul vapour misses you. The Executioner completely misses you.
The Executioner hits you but does no damage.
The Executioner misses you. The Executioner barely misses you.
The Executioner hits you but does no damage.
The Executioner completely misses you. The Executioner hits you!
* * * LOW HITPOINT WARNING * * *
The Executioner hits you but does no damage.
The Executioner barely misses you. Gloorx Vloq gestures at you.
The foul vapour misses you.
The Executioner gestures.
The Executioner seems to speed up.
The soul eater closely misses you.
You open Gloorx Vloq like a pillowcase!!!
You kill Gloorx Vloq!
Dithmenos accepts your kill.
The Executioner disappears in a puff of smoke! x3
You are engulfed in dark miasma.
You are lethally poisoned!
You feel your flesh rotting away!
You die...

.# #.# .#.# ##...#
#.#.#.#.# #.##..#
#
#.#§#.#.#.#.#..##
.
.#.#§#§#.#.##...#
#
#.#{#§#§#.#.##..#
.#
#.#.#{#@#.#.###..#
.#
.....§3○§§....'..#
.#
.....§§○§§○...'..#
.#
.......○○○....'..#
.# {
#.#.#.#.#○#.###..#
.#
.#.#.#.#○#○#.##..#
.#
#.#.#.#.#.#.##...#
.# .#.#.#.#.#
#.#..## .#
#.#.#.#.# ##..#


You could see a soul eater.

Vanquished Creatures
  Cerebov (Pan)
  Antaeus (Coc:7)
  Asmodeus (Geh:7)
  Ereshkigal (Tar:7)
  Gloorx Vloq (Pan)
  Lom Lobon (Pan)
  the Serpent of Hell (Geh:7)
  Mnoleg (Pan)
  Dispater (Dis:7)
  2 ancient liches
  A juggernaut (Depths:4)
  5 pandemonium lords (Pan)
  7 shard shrikes (Coc:7)
  5 caustic shrikes (Depths:5)
  Geryon (Hell)
  Xtahua (Vaults:5)
  3 golden dragons (Depths:4)
  Jory (Vaults:2)
  11 bone dragons
  24 Brimstone Fiends
  29 Tzitzimimeh
  7 iron giants (Dis:7)
  13 doom hounds
  Jorgrun (Snake:1)
  18 Ice Fiends
  Rupert (D:15)
  16 tentacled monstrosities
  8 Hell Sentinels
  6 titans (Vaults:5)
  4 liches
  4 quicksilver dragons
  Murray (Hell)
  3 deep elf blademasters
  3 deep elf master archers (Elf:3)
  An acid blob (Lair:6)
  6 tentacled starspawn
  2 sphinxes (Vaults:5)
  A thorn hunter (Swamp:2)
  27 Executioners
  7 storm dragons
  Kirke (D:15)
  2 ancient champions (Dis:7)
  8 shadow dragons
  2 azure jellies (Lair:6)
  8 nagarajas
  A draconian monk (Depths:5)
  8 tengu reavers
  9 fire giants
  The ghost of Rwicked the Bludgeoner, an adept GrFi of Okawaru (Elf:2)
  Roxanne (Swamp:3)
  10 iron dragons
  17 vault wardens
  18 frost giants
  30 balrugs
  5 deep elf sorcerers
  Louise (Snake:2)
  6 corrupters (Pan)
  An angel (Pan)
  The ghost of teukkam the Sharpshooter, a journeyman MiFi of Zin (Snake:4)
  A ghost moth (shapeshifter) (Depths:4)
  67 large abominations
  2 curse skulls (Pan)
  12 warmongers (Pan)
  32 cacodemons
  8 ironheart preservers
  A juggernaut zombie (Hell)
  53 reapers
  6 deep elf elementalists
  20 stone giants
  A draconian annihilator (Pan)
  An ophan (Abyss:4)
  A juggernaut skeleton (Depths:3)
  4 spriggan defenders
  8 vampire knights
  2 elemental wellsprings (Coc:7)
  14 very ugly things
  6 blood saints (Pan)
  13 war gargoyles
  8 black suns (Pan)
  A green draconian (Abyss:3)
  An entropy weaver (Vaults:2)
  7 deep elf annihilators
  6 deep elf demonologists
  9 lorocyprocas
  A minotaur (Gauntlet)
  11 purple draconians
  A black draconian (Depths:5)
  5 spark wasps
  18 ettins
  9 statues (WizLab)
  An ettin (shapeshifter) (Vaults:2)
  A yellow draconian (Depths:5)
  3 quicksilver dragon zombies
  21 blizzard demons
  A death ooze (Lair:6)
  A spectral kraken (Tar:7)
  Josephine (Lair:6)
  12 deep elf death magi
  13 fire dragons
  2 crystal guardians
  7 deep elf high priests
  10 rakshasas
  7 jiangshi
  12 ogre magi
  11 green deaths
  A mummy priest (Hell)
  Fannar (D:12)
  6 monstrous demonspawn (Pan)
  7 great orbs of eyes
  38 vault guards
  7 quicksilver dragon skeletons
  18 yaktaur captains
  12 naga warriors
  16 hydras
  25 ice dragons
  3 death knights
  3 ghost crabs
  3 spriggan air magi
  36 two-headed ogres
  Erica (D:10)
  7 centaur warriors
  20 anacondas
  16 alligators
  3 catoblepae (Lair:6)
  A queen ant (Gauntlet)
  A shambling mangrove (Swamp:2)
  The ghost of jazmu the Destroyer, a journeyman OpFE of Sif Muna (Lair:1)
  7 deep troll shamans
  A two-headed ogre (shapeshifter) (Vaults:5)
  31 dancing weapons
  Urug (Lair:1)
  9 titan zombies
  8 hell hogs
  7 deep troll earth magi
  14 naga sharpshooters
  7 vampire magi
  5 tengu warriors
  6 death yaks (Lair:6)
  8 spriggan berserkers
  9 shock serpents
  49 soul eaters
  18 deep elf knights
  4 thrashing horrors
  2 iron trolls (Depths:5)
  31 sun demons
  38 hell knights
  Sonja (Lair:5)
  5 shadow wraiths
  5 salamander mystics
  5 wretched stars
  6 storm dragon skeletons
  3 storm dragon zombies
  7 anaconda zombies
  35 sixfirhies
  3 titan skeletons
  3 golden dragon zombies
  4 infernal demonspawn (Pan)
  A spatial maelstrom (Abyss:2)
  58 skeletal warriors
  A spectral anaconda (Snake:4)
  A spriggan druid (Swamp:3)
  4 ghost moth zombies
  28 shadow demons
  8 swamp dragons
  13 wizards
  13 flayed ghosts
  A deep troll (shapeshifter) (Vaults:2)
  4 unseen horrors
  A spark wasp zombie (Hell)
  A glowing orange brain (Depths:4)
  5 torturous demonspawn (Pan)
  A death drake (Abyss:3)
  12 naga ritualists
  3 kraken simulacra (Coc:7)
  A spectral hydra (Swamp:4)
  17 phantasmal warriors
  10 gelid demonspawn (Pan)
  18 ironbrand convokers
  28 deep trolls
  2 iron dragon zombies (Geh:7)
  19 necromancers
  A sea snake (shapeshifter) (Depths:4)
  2 shadow dragon zombies (Tar:7)
  6 harpies
  A sphinx zombie (Vaults:4)
  8 lindwurms
  4 anaconda skeletons
  11 deep elf archers
  13 orc knights
  3 tengu skeletons
  3 shining eyes (Pan)
  20 mana vipers
  68 deep elf magi
  13 frost giant zombies
  3 shadow dragon skeletons
  30 ugly things
  A salamander (shapeshifter) (Abyss:4)
  6 stone giant zombies
  6 wolf spider zombies
  4 cyclopes
  2 manticores (Lair:6)
  2 wolf spiders
  3 orc sorcerers
  A worldbinder (Abyss:4)
  12 fire giant zombies
  An elephant (shapeshifter) (Vaults:1)
  11 salamanders
  5 frost giant skeletons
  3 iron dragon skeletons
  28 rust devils
  76 black mambas
  7 ice statues
  12 guardian serpents
  3 guardian serpents (shapeshifter)
  A stone giant skeleton (Coc:7)
  27 smoke demons
  19 vault sentinels
  2 gargoyles
  A spectral shock serpent (Snake:4)
  18 spiny frogs
  6 dire elephant zombies
  Joseph (D:8)
  9 elephants
  3 fire giant skeletons
  31 orange demons
  24 naga magi
  4 eyes of devastation (Pan)
  2 eyes of devastation (shapeshifter)
  Psyche (D:8)
  12 molten gargoyles
  A spriggan skeleton (Depths:4)
  2 shock serpent skeletons
  4 swamp worm zombies (Swamp:4)
  A purple draconian zombie (Tar:4)
  A spiny frog (shapeshifter) (Vaults:4)
  6 storm dragon simulacra (Coc:7)
  3 titan simulacra (Coc:7)
  3 emperor scorpion zombies
  27 hellions
  30 tormentors
  4 dire elephant skeletons
  7 spectral swamp worms (Tar:7)
  14 efreet
  10 komodo dragons
  21 demonic crawlers
  32 ice devils
  19 hellwings
  2 human skeletons
  14 freezing wraiths
  A catoblepas skeleton (Tar:7)
  A silent spectre (Tar:4)
  4 ancient zymes
  A golden dragon simulacrum (Depths:4)
  4 yaktaur zombies
  31 yaktaurs
  10 anaconda simulacra
  2 harpy zombies
  10 trolls
  27 red devils
  4 tengu conjurers
  A spectral guardian serpent (Snake:4)
  A minotaur skeleton (Coc:7)
  13 tyrant leeches
  A tengu simulacrum (Vaults:1)
  Grinder (D:3)
  A hornet (shapeshifter) (Vaults:2)
  5 polar bears
  11 hydra zombies
  6 meliai
  2 queen bees
  A wind drake (shapeshifter) (Depths:4)
  16 hornets
  A shadow dragon simulacrum (Coc:7)
  2 polar bears (shapeshifter) (Vaults:2)
  15 raiju
  A raiju (shapeshifter) (Depths:2)
  An elf zombie (Depths:4)
  5 harpy skeletons
  A wolf spider simulacrum (D:14)
  10 hippogriffs
  13 bog bodies
  27 slime creatures
  2 spectral swamp dragons (Swamp:4)
  16 dream sheep
  5 hydra skeletons
  13 blink frogs
  2 blink frogs (shapeshifter)
  4 fire dragon zombies
  4 ettin zombies
  3 spectral nagas (Snake:4)
  5 alligator zombies
  3 ice dragon zombies
  61 flying skulls
  A stone giant simulacrum (Abyss:2)
  16 ynoxinuls
  A fire giant simulacrum (Coc:7)
  A centaur simulacrum (D:14)
  8 water elementals
  2 alligator skeletons
  11 spriggans
  2 shock serpent simulacra (Snake:4)
  Sigmund (D:2)
  2 black mamba zombies
  An air elemental (Elf:1)
  2 ice dragon skeletons
  A redback (shapeshifter) (Elf:2)
  3 ettin skeletons
  9 humans (D:14)
  2 wyverns
  A hog (D:15)
  A tarantella (Vaults:2)
  2 fire dragon skeletons
  20 shadows
  15 fire elementals
  49 yaks
  2 black mamba skeletons
  A catoblepas simulacrum (Hell)
  A golden eye (Pan)
  17 wraiths
  10 hungry ghosts
  24 neqoxecs
  A spectral salamander (Snake:4)
  4 basilisks
  A golden eye (shapeshifter) (Depths:4)
  19 chaos spawn
  24 vampire mosquitoes
  12 wargs
  3 human simulacra
  A merfolk zombie (Hell)
  3 human zombies
  10 insubstantial wisps
  7 soldier ants
  12 spatial vortices
  2 tengu zombies (Hell)
  3 harpy simulacra (IceCv)
  44 nagas
  14 swamp worms
  2 iron troll simulacra (IceCv)
  7 hydra simulacra (Coc:7)
  2 acid dragons (Vaults:2)
  A swamp worm (shapeshifter) (Vaults:5)
  43 hell hounds
  7 swamp drakes
  9 porcupines
  4 small abominations
  4 spiny frog zombies
  17 water moccasins
  5 floating eyes (Pan)
  A sky beast (D:8)
  49 orc warriors
  15 ice beasts
  13 phantoms
  An eye of draining (shapeshifter) (Abyss:4)
  4 spiny frog skeletons
  2 snapping turtle zombies
  A black bear (D:10)
  7 eyes of draining
  4 swamp dragon zombies
  4 ettin simulacra
  26 ogres
  20 necrophages
  3 snapping turtle skeletons
  A boggart (Depths:4)
  22 centaurs
  19 wolves
  An elf skeleton (Vaults:4)
  A manticore skeleton (Coc:7)
  19 crocodiles
  3 swamp dragon skeletons
  9 big kobolds
  8 earth elementals
  20 bullfrogs
  A wyvern zombie (D:10)
  2 gnoll sergeants
  Blork the orc (D:5)
  2 glowing shapeshifter simulacra
  A scorpion (D:10)
  2 wyvern skeletons
  A troll zombie (Tar:3)
  A manticore simulacrum (Coc:7)
  39 killer bees
  24 wights
  A spectral wolf (Depths:3)
  4 howler monkeys
  2 quasits
  13 starcursed masses
  4 hounds
  A bullfrog zombie (D:12)
  17 crimson imps
  10 jellies
  3 centaur skeletons
  7 orc priests
  5 bullfrog skeletons
  A gnoll shaman (D:4)
  3 iron imps (Dis:7)
  Jessica (D:2)
  3 iguanas
  3 spectral swamp drakes (Swamp:4)
  Natasha (thrice) (D:3)
  21 orc wizards
  4 hell rats (Hell)
  2 naga simulacra (Snake:4)
  13 worker ants
  Terence (D:3)
  A naga zombie (Tar:4)
  An ogre zombie (Dis:7)
  3 hound zombies
  2 worker ant zombies
  Robin (D:3)
  15 gnolls
  13 adders
  A howler monkey skeleton (D:11)
  An ogre simulacrum (Coc:7)
  2 river rats (D:6)
  2 swamp drake zombies (Swamp:4)
  24 shadow imps
  8 white imps
  2 ufetubi (Abyss:3)
  3 oozes
  2 worms
  2 adder skeletons
  An adder zombie (D:5)
  A ball lightning (Pan)
  A dart slug (D:2)
  3 leopard geckos
  87 orcs
  5 ball pythons
  14 bats
  3 giant cockroaches
  27 goblins
  6 hobgoblins
  14 jackals
  4 quokkas
  4 frilled lizards
  32 kobolds
  An orc skeleton (Tar:7)
  An orc zombie (Tar:7)
  14 rats
  2 fire vortices (Volcano)
  2 starspawn tentacles (Abyss:3)
  4 tentacles
3902 creatures vanquished.

Vanquished Creatures (collateral kills)
  A Hell Sentinel (Dis:7)
  A reaper (Dis:7)
  An eye of devastation (Pan)
  A neqoxec (Pan)
4 creatures vanquished.

Vanquished Creatures (others)
  Bai Suzhen (Vaults:2)
  A deep elf master archer (Elf:3)
  2 eldritch tentacles (Pan)
  2 stone giants
  A green death (Pan)
  3 yaktaur captains
  A naga warrior (Snake:1)
  A two-headed ogre (Depths:1)
  A centaur warrior (Depths:2)
  2 hell hogs
  A shadow wraith (Vaults:5)
  A deep elf archer (Elf:1)
  A wizard (Pan)
  A harpy (Vaults:4)
  A cyclops (D:15)
  A molten gargoyle (Geh:7)
  A hellion (Geh:7)
  4 yaktaurs
  A meliai (Abyss:4)
  A ynoxinul (Abyss:4)
  A water elemental (Elf:3)
  A wraith (Dis:7)
  A warg (Vaults:2)
  A hell hound (Geh:2)
  An ogre (Vaults:2)
  A wolf (Depths:3)
  5 centaurs
  An orc priest (Vaults:2)
  3 hell rats (Hell)
  A shadow imp (Tar:7)
  6 ball lightnings (Pan)
  A bush (Elf:1)
  11 fungi
  A lurking horror (Abyss:3)
  25 plants
  2 spectral weapons (Pan)
  14 starspawn tentacles
  17 tentacles
121 creatures vanquished.

Grand Total: 4027 creatures vanquished

Notes
Turn   | Place    | Note
-------+----------+-------------------------------------------
     0 | D:1      | Kairos the Formicid Fighter began the quest for the Orb.
     0 | D:1      | Reached XP level 1. HP: 18/18 MP: 1/1
   162 | D:1      | Reached XP level 2. HP: 22/24 MP: 2/2
   485 | D:1      | Reached XP level 3. HP: 29/29 MP: 3/3
   811 | D:2      | Reached XP level 4. HP: 32/36 MP: 4/4
  1043 | D:2      | Noticed Sigmund
  1059 | D:2      | Killed Sigmund
  1059 | D:2      | Reached XP level 5. HP: 41/42 MP: 5/5
  1059 | D:2      | Reached XP level 6. HP: 47/48 MP: 6/6
  1195 | D:2      | Noticed Jessica
  1203 | D:2      | Killed Jessica
  1203 | D:2      | Reached skill level 1 in Dodging
  1530 | D:3      | Found a faded altar of an unknown god.
  1538 | D:3      | Noticed Terence
  1539 | D:3      | Became a worshipper of Dithmenos the Shadowed
  1539 | D:3      | Reached * piety under Dithmenos
  1550 | D:3      | Noticed Natasha
  1555 | D:3      | Killed Natasha
  1555 | D:3      | Reached skill level 5 in Staves
  1560 | D:3      | Killed Terence
  1598 | D:3      | Noticed Robin
  1608 | D:3      | Reached XP level 7. HP: 46/53 MP: 7/7
  1612 | D:3      | Killed Robin
  1712 | D:3      | Noticed Grinder
  1731 | D:3      | Killed Grinder
  1861 | D:3      | Reached ** piety under Dithmenos
  2065 | D:3      | Reached skill level 5 in Shields
  2065 | D:3      | Reached XP level 8. HP: 56/60 MP: 8/8
  2274 | D:3      | Noticed Natasha
  2281 | D:3      | Killed Natasha
  2606 | D:3      | Noticed Natasha
  2614 | D:3      | Killed Natasha
  2663 | D:4      | Got an encrusted hand axe
  2664 | D:4      | Identified the +2 hand axe "Hieckeudgh" {protect, Str+5}
                  | (You found it on level 4 of the Dungeon)
  3223 | D:4      | Found Hupn's General Store.
  3502 | D:5      | Entered Level 5 of the Dungeon
  3549 | D:5      | Reached skill level 5 in Armour
  3676 | D:5      | Reached XP level 9. HP: 25/66 MP: 9/9
  4276 | D:5      | Noticed Blork the orc
  4295 | D:5      | Killed Blork the orc
  4295 | D:5      | Reached skill level 1 in Stealth
  4326 | D:5      | Found Ziohyati's Book Shop.
  4524 | D:5      | Learned a level 4 spell: Petrify
  4728 | D:6      | Found a glowing drain.
  4784 | Sewer    | Entered a sewer
  4809 | Sewer    | Reached skill level 5 in Fighting
  4857 | Sewer    | Reached *** piety under Dithmenos
  5299 | D:6      | Reached skill level 10 in Staves
  5771 | D:7      | Reached XP level 10. HP: 65/74 MP: 10/10
  5869 | D:7      | Found a staircase to the Ecumenical Temple.
  5916 | D:7      | Noticed a two-headed ogre
  5930 | D:7      | Killed a two-headed ogre
  6087 | D:7      | Reached **** piety under Dithmenos
  6642 | D:7      | Found the +5 demon whip "Spellbinder" {antimagic, MR+}
  6723 | D:8      | Found a burning altar of Makhleb.
  6788 | D:8      | Noticed Psyche
  6797 | D:8      | Killed Psyche
  6803 | D:8      | Found a runed translucent door.
  6938 | D:8      | Noticed an orange crystal statue
  6939 | D:8      | Found the +10 large shield of Ignorance {rN+ Int-4}
  7047 | D:8      | Reached skill level 1 in Maces & Flails
  7071 | D:8      | Noticed Joseph
  7105 | D:8      | Killed Joseph
  7362 | D:8      | Found a runed translucent door.
  7659 | D:8      | Reached XP level 11. HP: 81/81 MP: 11/11
  8215 | D:9      | Found an iron altar of Okawaru.
  8635 | D:9      | Reached ***** piety under Dithmenos
  9213 | D:10     | Entered Level 10 of the Dungeon
  9446 | D:10     | Noticed Erica
  9470 | D:10     | Killed Erica
 10280 | D:11     | Identified 3 scrolls of acquirement
 10283 | D:11     | Got a faintly glowing lajatang
 10287 | D:11     | Identified the +11 lajatang of Inference {slice, *Drain
                  | rElec rN+++ Stlth+} (You acquired it on level 11 of the
                  | Dungeon)
 10305 | D:11     | Got a wavering wooden ring
 10306 | D:11     | Identified the ring of Mawel {rPois Stlth+} (You acquired
                  | it on level 11 of the Dungeon)
 10345 | D:11     | Found a gate leading to a gauntlet.
 10363 | Gauntlet | Entered a Gauntlet
 10363 | Gauntlet | Found a transporter.
 10371 | Gauntlet | Noticed a queen ant
 10373 | Gauntlet | Found a transporter.
 10388 | Gauntlet | Found a transporter.
 10393 | Gauntlet | Found a transporter.
 10409 | Gauntlet | Noticed a green death
 10414 | Gauntlet | Found a transporter.
 10418 | Gauntlet | Found the +1 cloak of Starlight {rElec rC+ EV+4 Stlth--}
 10427 | Gauntlet | Found a transporter.
 10431 | Gauntlet | Noticed an eight-headed hydra
 10435 | Gauntlet | Found a large runed translucent door.
 10436 | Gauntlet | Found a large runed translucent door.
 10437 | Gauntlet | Found a large runed translucent door.
 10437 | Gauntlet | Found a large runed translucent door.
 10438 | Gauntlet | Found a runed translucent gate.
 10438 | Gauntlet | Noticed a thrashing horror
 10439 | Gauntlet | Found a transporter.
 10439 | Gauntlet | Found a runed translucent gate.
 10439 | Gauntlet | Noticed a thrashing horror
 10440 | Gauntlet | Found a runed translucent gate.
 10441 | Gauntlet | Found a large runed translucent door.
 10441 | Gauntlet | Found a large runed translucent door.
 10442 | Gauntlet | Found a large runed translucent door.
 10443 | Gauntlet | Found a large runed translucent door.
 10449 | Gauntlet | Noticed a blizzard demon
 10451 | Gauntlet | Found a transporter.
 10462 | Gauntlet | Noticed a green death
 10463 | Gauntlet | Found a transporter.
 10474 | Gauntlet | Noticed a wizard
 10475 | Gauntlet | Found a transporter.
 10476 | Gauntlet | Noticed a wizard
 10481 | Gauntlet | Found a transporter.
 10481 | Gauntlet | Found a transporter.
 10520 | Gauntlet | Found a transporter.
 10521 | Gauntlet | Noticed a fire crab
 10547 | Gauntlet | Noticed a soul eater
 10548 | Gauntlet | Found a transporter.
 10550 | Gauntlet | Found a transporter.
 10642 | Gauntlet | Found a large runed translucent door.
 10642 | Gauntlet | Found a large runed translucent door.
 10642 | Gauntlet | Found a runed translucent door.
 10642 | Gauntlet | Found a runed translucent door.
 10643 | Gauntlet | Found a large runed translucent door.
 10644 | Gauntlet | Found a large runed translucent door.
 10646 | Gauntlet | Found a transporter.
 10662 | Gauntlet | Found a large runed translucent door.
 10662 | Gauntlet | Found a large runed translucent door.
 10663 | Gauntlet | Found a large runed translucent door.
 10664 | Gauntlet | Found a large runed translucent door.
 10666 | Gauntlet | Found a transporter.
 10780 | Gauntlet | Found a transporter.
 10826 | Gauntlet | Killed a soul eater
 10826 | Gauntlet | Reached skill level 1 in Invocations
 10837 | Gauntlet | Identified the Volume of Execration
 10896 | Gauntlet | Killed a queen ant
 10896 | Gauntlet | Reached XP level 12. HP: 84/91 MP: 11/13
 10917 | Gauntlet | Got a flickering bone ring
 10922 | Gauntlet | Identified the ring "Hakereruc" {rPois Int+3 Dex+7 Stlth+}
                  | (You found it in a Gauntlet)
 10958 | Gauntlet | Killed a green death
 11147 | Gauntlet | Noticed a minotaur
 11151 | Gauntlet | Killed a minotaur
 11156 | Gauntlet | Identified the cursed +1 scale mail "Fouqint" {Slay+2} (You
                  | found it in a Gauntlet)
 11462 | D:11     | Noticed a two-headed ogre
 11470 | D:11     | Killed a two-headed ogre
 11533 | D:11     | Noticed an eight-headed hydra
 11548 | D:11     | Killed an eight-headed hydra
 12088 | D:11     | Found a staircase to the Lair.
 12464 | D:12     | Reached skill level 1 in Evocations
 12599 | D:12     | Reached skill level 10 in Shields
 12670 | D:12     | Found a staircase to the Orcish Mines.
 12695 | D:12     | Reached skill level 5 in Invocations
 12837 | D:12     | Noticed Fannar
 12847 | D:12     | Killed Fannar
 12847 | D:12     | Reached XP level 13. HP: 79/100 MP: 15/17
 12954 | D:10     | Learned a level 3 spell: Regeneration
 13761 | Lair:1   | Entered Level 1 of the Lair of Beasts
 13842 | Lair:1   | Got a twisted chain mail
 13853 | Lair:1   | Identified the +6 chain mail "Ywap" {Str+4 Stlth+} (You
                  | found it on level 1 of the Lair of Beasts)
 13954 | Lair:1   | Found a runed translucent gate.
 13955 | Lair:1   | Found a runed translucent gate.
 13956 | Lair:1   | Found a runed translucent gate.
 13972 | Lair:1   | Noticed jazmu's ghost (journeyman OpFE)
 13973 | Lair:1   | Noticed a ten-headed hydra
 14043 | Lair:1   | Noticed a six-headed hydra
 14061 | Lair:1   | Killed an 11-headed hydra
 14439 | Lair:1   | Noticed a six-headed hydra
 14444 | Lair:1   | a six-headed hydra changed into a tyrant leech
 14503 | Lair:1   | Noticed Urug
 14511 | Lair:1   | Killed Urug
 14755 | Lair:1   | Killed jazmu's ghost
 14760 | Lair:1   | Noticed a great orb of eyes
 14760 | Lair:1   | a ten-headed hydra changed into a great orb of eyes
 14765 | Lair:1   | Killed a great orb of eyes
 14765 | Lair:1   | Reached skill level 10 in Fighting
 14780 | Lair:1   | Got a jewelled lajatang
 14781 | Lair:1   | Identified the +11 lajatang of Big Damage {elec, Dex+8}
                  | (You found it on level 1 of the Lair of Beasts)
 15015 | Lair:2   | Reached ****** piety under Dithmenos
 15436 | Lair:2   | Learned a level 2 spell: Swiftness
 16378 | D:8      | Lost intelligence.
 16455 | D:8      | Lost intelligence.
 16660 | Lair:3   | Found a staircase to the Swamp.
 16810 | Lair:3   | Reached XP level 14. HP: 101/111 MP: 19/19
 17064 | Lair:3   | Reached skill level 10 in Armour
 17372 | Lair:3   | Found a staircase to the Snake Pit.
 18375 | Lair:4   | Reached skill level 5 in Dodging
 18715 | Lair:5   | Noticed Sonja
 18731 | Lair:5   | Killed Sonja
 18759 | Lair:5   | Found a staircase to the Slime Pits.
 19406 | Lair:6   | Entered Level 6 of the Lair of Beasts
 19530 | Lair:6   | Noticed an azure jelly
 19543 | Lair:6   | Killed an azure jelly
 19568 | Lair:6   | Noticed an azure jelly
 19568 | Lair:6   | Noticed an acid blob
 19582 | Lair:6   | Killed an azure jelly
 19590 | Lair:6   | Killed an acid blob
 19590 | Lair:6   | Reached XP level 15. HP: 52/121 MP: 22/22
 19980 | Lair:6   | Noticed Josephine
 19986 | Lair:6   | Killed Josephine
 19993 | Lair:6   | Reached skill level 10 in Invocations
 21270 | Snake:1  | Entered Level 1 of the Snake Pit
 21783 | Snake:1  | Noticed Jorgrun
 21791 | Snake:1  | Killed Jorgrun
 21945 | Snake:1  | Reached XP level 16. HP: 130/130 MP: 24/24
 22525 | Snake:1  | Reached skill level 15 in Shields
 22716 | Snake:2  | Noticed Louise
 22717 | Snake:2  | Noticed a nagaraja
 22735 | Snake:2  | Killed Louise
 22743 | Snake:2  | Killed a nagaraja
 22857 | Snake:2  | Found Bimuhon's Gadget Shoppe.
 22860 | Snake:2  | Found Ryomuoci's Antique Armour Emporium.
 22860 | Snake:2  | Found Yfoiffof's Assorted Antiques.
 22863 | Snake:2  | Found Kosakiuggim's Distillery.
 22940 | Snake:2  | Bought a pair of embroidered gloves for 300 gold pieces
 22956 | Snake:2  | Bought a pair of embroidered gloves for 262 gold pieces
 23005 | Snake:2  | Bought a potion of curing for 54 gold pieces
 23005 | Snake:2  | Bought a potion of mutation for 144 gold pieces
 23005 | Snake:2  | Bought a potion of might for 72 gold pieces
 23005 | Snake:2  | Bought a potion of curing for 54 gold pieces
 23005 | Snake:2  | Bought a potion of agility for 72 gold pieces
 23507 | Snake:2  | Got a crude lajatang
 23508 | Snake:2  | Identified the +7 lajatang of the Tiger {slice, MR+ Str+2
                  | Dex+4} (You found it on level 2 of the Snake Pit)
 23735 | Snake:2  | Learned a level 5 spell: Lee's Rapid Deconstruction
 23824 | Snake:3  | Reached skill level 15 in Fighting
 23967 | Snake:3  | Reached XP level 17. HP: 141/141 MP: 26/26
 24065 | Snake:3  | Reached skill level 1 in Charms
 24277 | Snake:3  | Reached skill level 1 in Necromancy
 24416 | Snake:3  | Reached skill level 1 in Spellcasting
 25170 | Snake:4  | Entered Level 4 of the Snake Pit
 25409 | Snake:4  | Found Cicor's Gadget Boutique.
 25409 | Snake:4  | Found Vesawun's Jewellery Emporium.
 25410 | Snake:4  | Found Daqiatiz's Jewellery Emporium.
 25422 | Snake:4  | Bought a +1 ring of protection for 57 gold pieces
 25422 | Snake:4  | Bought a cursed amulet of inaccuracy for 38 gold pieces
 26078 | Snake:4  | Found a runed translucent gate.
 26081 | Snake:4  | Found a runed translucent gate.
 26081 | Snake:4  | Found a runed translucent gate.
 26085 | Snake:4  | Noticed teukkam's ghost (journeyman MiFi)
 26125 | Snake:4  | Killed teukkam's ghost
 26125 | Snake:4  | Reached XP level 18. HP: 152/152 MP: 27/27
 26955 | Snake:4  | Reached skill level 5 in Spellcasting
 26998 | Snake:4  | Reached skill level 5 in Charms
 27229 | Snake:4  | Reached skill level 5 in Necromancy
 27336 | Snake:4  | Got a serpentine rune of Zot
 27820 | Swamp:1  | Entered Level 1 of the Swamp
 28363 | Swamp:1  | Reached XP level 19. HP: 145/161 MP: 28/28
 28836 | Swamp:2  | Learned a level 9 spell: Shatter
 29379 | Swamp:3  | Found a frozen archway.
 29401 | IceCv    | Entered an ice cave
 30289 | Swamp:3  | Identified Roxanne's Incunabulum of Earth
 30289 | Swamp:3  | Noticed Roxanne
 30336 | Swamp:3  | Killed Roxanne
 30345 | Swamp:3  | Learned a level 5 spell: Borgnjor's Vile Clutch
 30398 | Swamp:4  | Entered Level 4 of the Swamp
 30415 | Swamp:4  | Reached skill level 1 in Earth Magic
 30662 | Swamp:4  | Reached skill level 5 in Stealth
 31346 | Swamp:4  | Noticed a bone dragon
 31363 | Swamp:4  | Killed a bone dragon
 31381 | Swamp:4  | Got a decaying rune of Zot
 31769 | Orc:1    | Entered Level 1 of the Orcish Mines
 31898 | Orc:1    | Found a dark tunnel.
 31904 | Volcano  | Entered a volcano
 32190 | Orc:1    | Reached XP level 20. HP: 168/169 MP: 31/31
 32862 | Orc:2    | Entered Level 2 of the Orcish Mines
 33201 | Orc:2    | Found a roughly hewn altar of Beogh.
 33294 | Orc:2    | Found a staircase to the Elven Halls.
 33380 | Orc:2    | Found Qieb's Book Boutique.
 33440 | Orc:2    | Found Ubuocof's Book Shoppe.
 33483 | Orc:2    | Found a roughly hewn altar of Beogh.
 33503 | Orc:2    | Found Otaimaj's Armour Shoppe.
 33503 | Orc:2    | Found Ketostyq's Magic Scroll Boutique.
 33569 | Orc:2    | Bought a scroll of noise for 16 gold pieces
 33842 | Elf:1    | Entered Level 1 of the Elven Halls
 33880 | Elf:1    | Identified the Reference Book on the Cankerous Escort
 34175 | Elf:1    | Found Uvidabya's General Store.
 34184 | Elf:1    | Bought a scroll of identify for 24 gold pieces
 34184 | Elf:1    | Bought a potion of curing for 36 gold pieces
 34188 | Elf:1    | Bought a scroll of identify for 24 gold pieces
 34275 | Elf:1    | You fall through a shaft!
 34288 | Elf:2    | Reached skill level 5 in Earth Magic
 34543 | Elf:2    | Found a runed translucent gate.
 34543 | Elf:2    | Found a runed translucent gate.
 34543 | Elf:2    | Found a runed translucent gate.
 34707 | Elf:2    | Found Momoh's Antique Armour Emporium.
 35388 | Elf:2    | Found a runed translucent door.
 35399 | Elf:2    | Noticed Rwicked's ghost (adept GrFi)
 35451 | Elf:2    | Killed Rwicked's ghost
 35463 | Elf:2    | Got a heavily runed scale mail
 35474 | Elf:2    | Identified the +3 scale mail of Sif Muna's Approval
                  | {*Contam rCorr Str+2 SInv} (You found it on level 2 of the
                  | Elven Halls)
 35702 | Elf:1    | Reached XP level 21. HP: 182/182 MP: 32/34
 35881 | Elf:3    | Entered Level 3 of the Elven Halls
 37038 | Elf:3    | Identified the +6 quarterstaff of Perfectionism {chaos,
                  | rC++ MP+9}
 37350 | Elf:3    | Reached skill level 10 in Stealth
 37547 | Elf:3    | Identified the +10 broad axe of Bedehac {venom, +Inv rF+
                  | MR- Int+4 Dex+4}
 37954 | Snake:2  | Bought translucent fire dragon scales for 2275 gold pieces
 37964 | Snake:2  | Identified the +1 fire dragon scales "Muhixeakh" {-Cast
                  | rF++ rC- MR+ Int+3 Dex+2} (You bought it in a shop on level
                  | 2 of the Snake Pit)
 38078 | Snake:4  | Bought the ring "Wedd" {rF+ rC+ Slay+3} for 980 gold pieces
 39421 | D:14     | Identified the cursed +0 plate armour "Naicoyr" {Int+3}
 39443 | D:14     | Found a gate to the Vaults.
 40187 | D:14     | Reached XP level 22. HP: 184/192 MP: 18/35
 40196 | D:14     | Identified the Volume of Dusty Malediction
 40956 | Vaults:1 | Entered Level 1 of the Vaults
 41195 | Vaults:1 | Reached skill level 10 in Spellcasting
 41619 | Vaults:1 | Found Zopukh's Food Emporium.
 42711 | Vaults:2 | Noticed Jory
 42726 | Vaults:2 | Killed Jory
 43034 | Vaults:2 | Noticed Bai Suzhen
 43058 | Vaults:2 | Killed Bai Suzhen
 43220 | Vaults:2 | Found a staircase to the Crypt.
 43220 | Vaults:2 | Found an ancient bone altar of Kikubaaqudgha.
 43221 | Vaults:2 | Found a basalt altar of Yredelemnul.
 43884 | Vaults:3 | Reached XP level 23. HP: 202/202 MP: 37/37
 43890 | Vaults:3 | Reached skill level 10 in Earth Magic
 44057 | Vaults:3 | Found Moank's General Store.
 44104 | Vaults:3 | You fall through a shaft!
 44261 | Vaults:4 | Reached skill level 15 in Armour
 44466 | Vaults:4 | Found a flickering gateway to a bazaar.
 44576 | Bazaar   | Entered a bazaar
 44594 | Bazaar   | Found Uddam's Book Emporium.
 44609 | Bazaar   | Found Pishu's Jewellery Shoppe.
 44624 | Bazaar   | Found Emelagoi's Food Emporium.
 44752 | Bazaar   | Bought the ring "Omaasait" {+Inv rPois MP+9} for 534 gold
                  | pieces
 46053 | Vaults:3 | Reached skill level 15 in Stealth
 46317 | Vaults:3 | Found a blossoming altar of Fedhas.
 46751 | Vaults:5 | Entered Level 5 of the Vaults
 46780 | Vaults:5 | Reached XP level 24. HP: 172/212 MP: 35/38
 46852 | Vaults:4 | You fall through a shaft!
 46853 | Vaults:5 | Identified Diutoa's Almanac of Creative Dark Arts
 46909 | Vaults:5 | Reached skill level 10 in Dodging
 47227 | Vaults:5 | Identified the ring of Fygi {rPois MP+9 Int+4}
 47293 | Vaults:5 | Reached XP level 25. HP: 114/221 MP: 37/38
 47490 | Vaults:5 | Noticed Xtahua
 47499 | Vaults:5 | Killed Xtahua
 47641 | Vaults:5 | Got a silver rune of Zot
 47744 | Vaults:5 | Found Vanorch's Magic Scroll Emporium.
 47744 | Vaults:5 | Found Qiegack's Distillery.
 47754 | Vaults:5 | Found Daeqixu Rasch's Magic Scroll Shoppe.
 47778 | Vaults:5 | Noticed an ancient lich
 47784 | Vaults:5 | Found Oweopteg's Magic Scroll Emporium.
 47784 | Vaults:5 | Found Yshreunij's Distillery.
 47799 | Vaults:5 | Killed an ancient lich
 47825 | Vaults:5 | Found Heqov's Food Boutique.
 48179 | Vaults:5 | Found Biofisid's Magic Scroll Shop.
 48179 | Vaults:5 | Found Lacvoa Hely's Distillery.
 48201 | Vaults:5 | Found Toxuzyke's Distillery.
 48409 | Vaults:5 | Bought a potion of mutation for 112 gold pieces
 48410 | Vaults:5 | Gained mutation: Your mind is acute. (Int +2) [potion of
                  | mutation]
 48410 | Vaults:5 | Gained mutation: You are agile. (Dex +2) [potion of
                  | mutation]
 48410 | Vaults:5 | Gained mutation: You are robust. (+10% HP) [potion of
                  | mutation]
 48412 | Vaults:5 | Bought a potion of heal wounds for 70 gold pieces
 48459 | Vaults:5 | Bought a scroll of fear for 56 gold pieces
 48459 | Vaults:5 | Bought a scroll of fear for 56 gold pieces
 48466 | Vaults:5 | Bought a potion of might for 64 gold pieces
 48466 | Vaults:5 | Bought a potion of might for 64 gold pieces
 48466 | Vaults:5 | Bought a potion of might for 64 gold pieces
 48466 | Vaults:5 | Bought 2 potions of might for 128 gold pieces
 48466 | Vaults:5 | Bought a potion of heal wounds for 80 gold pieces
 48474 | Vaults:5 | Bought a scroll of magic mapping for 73 gold pieces
 48746 | D:15     | Entered Level 15 of the Dungeon
 48928 | D:15     | Noticed Kirke
 48941 | D:15     | Killed Kirke
 48947 | D:15     | Noticed Rupert
 48961 | D:15     | Killed Rupert
 49134 | D:15     | Found a staircase to the Depths.
 49327 | Depths:1 | Entered Level 1 of the Depths
 49508 | Depths:1 | Found a gateway to Hell.
 49565 | Depths:1 | Found a corrupted altar of Lugonu.
 49565 | Depths:1 | Found a one-way gate to the infinite horrors of the Abyss.
 49606 | Depths:1 | Found a magical portal.
 49626 | WizLab   | Entered Iskenderun's Mystic Tower
 49712 | WizLab   | Reached XP level 26. HP: 152/256 MP: 38/38
 49962 | WizLab   | Identified Iskenderun's Almanac of Conjuration
 49962 | WizLab   | Identified Iskenderun's Volume of Arcane Weapons
 49988 | WizLab   | Identified the Handbook of the Damaging Rocks
 49988 | WizLab   | Identified the Papyrus of Enhancements and Feathers
 50062 | Depths:1 | Learned a level 6 spell: Darkness
 50067 | Depths:1 | Learned a level 4 spell: Passage of Golubria
 50082 | Depths:1 | Learned a level 5 spell: Aura of Abjuration
 50440 | Depths:2 | Reached skill level 1 in Summonings
 50562 | Depths:2 | Found the +8 glaive of the Guard {elec, +Rage AC+5 SInv}
 50701 | Depths:2 | You fall through a shaft!
 50962 | Depths:3 | Found a one-way gate leading to the halls of Pandemonium.
 51132 | Depths:3 | Found a gateway to a ziggurat.
 51262 | Depths:3 | Found a basalt altar of Yredelemnul.
 52066 | Depths:4 | Reached XP level 27. HP: 264/264 MP: 39/39
 52082 | Depths:4 | Reached skill level 5 in Summonings
 52911 | Depths:4 | Noticed an ancient lich
 52911 | Depths:4 | Identified the +8 rapier of Distraction {drain, *Noise
                  | Str+7}
 52928 | Depths:4 | Noticed a juggernaut
 53002 | Depths:4 | Identified the cursed ring "Joiqac" {Dex-3 Slay+5}
 53040 | Depths:4 | Killed an ancient lich
 53055 | Depths:4 | Killed a juggernaut
 53108 | Depths:4 | Reached skill level 15 in Dodging
 53145 | Depths:4 | Got a jewelled plate armour
 53156 | Depths:4 | Identified the +7 plate armour of Zonnucei {rElec Int+3
                  | Stlth+} (You found it on level 4 of the Depths)
 53290 | Depths:5 | Entered Level 5 of the Depths
 53720 | Depths:5 | Found a gate to the Realm of Zot.
 53756 | Depths:5 | Found a shattered altar of Ashenzari.
 54147 | Hell     | Entered the Vestibule of Hell
 54147 | Hell     | Noticed Geryon
 54230 | Depths:4 | Voluntarily entered the Abyss.
 54859 | Abyss:3  | Found a corrupted altar of Lugonu.
 55471 | Abyss:4  | Gained mutation: Scrolls take you a little longer to read.
                  | [a neqoxec]
 55516 | Abyss:4  | Lost mutation: Scrolls take you a little longer to read.
                  | [potion of mutation]
 55516 | Abyss:4  | Lost mutation: You are agile. (Dex +2) [potion of mutation]
 55516 | Abyss:4  | Gained mutation: You have sharp toenails. [potion of
                  | mutation]
 55516 | Abyss:4  | Lost mutation: Your mind is acute. (Int +2) [potion of
                  | mutation]
 55516 | Abyss:4  | Gained mutation: Your flesh is cold resistant. (rC+)
                  | [potion of mutation]
 55516 | Abyss:4  | Gained mutation: You are resistant to hostile enchantments.
                  | (MR+) [potion of mutation]
 55792 | Abyss:4  | Got an abyssal rune of Zot
 55806 | Abyss:4  | Gained mutation: You are weak. (Str -2) [a cacodemon]
 55870 | Abyss:4  | Lost mutation: You are robust. (+10% HP) [potion of
                  | mutation]
 55870 | Abyss:4  | Lost mutation: You are weak. (Str -2) [potion of mutation]
 55870 | Abyss:4  | Lost mutation: You are resistant to hostile enchantments.
                  | (MR+) [potion of mutation]
 55870 | Abyss:4  | Gained mutation: Your system is resistant to poisons.
                  | (rPois) [potion of mutation]
 55870 | Abyss:4  | Gained mutation: Your muscles are strong. (Str +2) [potion
                  | of mutation]
 55871 | Abyss:4  | Lost mutation: Your muscles are strong. (Str +2) [potion of
                  | mutation]
 55871 | Abyss:4  | Lost mutation: Your flesh is cold resistant. (rC+) [potion
                  | of mutation]
 55871 | Abyss:4  | Gained mutation: You are robust. (+10% HP) [potion of
                  | mutation]
 55871 | Abyss:4  | Lost mutation: You are robust. (+10% HP) [potion of
                  | mutation]
 55871 | Abyss:4  | Gained mutation: Your spells are a little harder to cast,
                  | but a little more powerful. [potion of mutation]
 55872 | Abyss:4  | Lost mutation: Your spells are a little harder to cast, but
                  | a little more powerful. [potion of mutation]
 55872 | Abyss:4  | Lost mutation: Your system is resistant to poisons. (rPois)
                  | [potion of mutation]
 55872 | Abyss:4  | Lost mutation: You have sharp toenails. [potion of
                  | mutation]
 55872 | Abyss:4  | Gained mutation: Scrolls take you a little longer to read.
                  | [potion of mutation]
 55872 | Abyss:4  | Gained mutation: Your magical capacity is very low. (-20%
                  | MP) [potion of mutation]
 55872 | Abyss:4  | Gained mutation: You are clumsy. (Dex -2) [potion of
                  | mutation]
 55872 | Abyss:4  | Lost mutation: You are clumsy. (Dex -2) [potion of
                  | mutation]
 55873 | Abyss:4  | Lost mutation: Your magical capacity is very low. (-20% MP)
                  | [potion of mutation]
 55873 | Abyss:4  | Lost mutation: Scrolls take you a little longer to read.
                  | [potion of mutation]
 55873 | Abyss:4  | Gained mutation: You are frail. (-10% HP) [potion of
                  | mutation]
 55873 | Abyss:4  | Gained mutation: You have sharp fingernails. [potion of
                  | mutation]
 55873 | Abyss:4  | Gained mutation: You expend magic power (3 MP) to
                  | strengthen your wands. [potion of mutation]
 55874 | Abyss:4  | Lost mutation: You are frail. (-10% HP) [potion of
                  | mutation]
 55874 | Abyss:4  | Lost mutation: You have sharp fingernails. [potion of
                  | mutation]
 55874 | Abyss:4  | Lost mutation: You expend magic power (3 MP) to strengthen
                  | your wands. [potion of mutation]
 55874 | Abyss:4  | Gained mutation: You are resistant to electric shocks.
                  | (rElec) [potion of mutation]
 55874 | Abyss:4  | Gained mutation: Armour fits poorly on your strangely
                  | shaped body. [potion of mutation]
 55874 | Abyss:4  | Gained mutation: Scrolls take you a little longer to read.
                  | [potion of mutation]
 55874 | Abyss:4  | Gained mutation: Your movements are slightly less
                  | encumbered by armour. (ER -2) [potion of mutation]
 55875 | Abyss:4  | Lost mutation: Your movements are slightly less encumbered
                  | by armour. (ER -2) [potion of mutation]
 55875 | Abyss:4  | Lost mutation: Armour fits poorly on your strangely shaped
                  | body. [potion of mutation]
 55875 | Abyss:4  | Lost mutation: Scrolls take you a little longer to read.
                  | [potion of mutation]
 55875 | Abyss:4  | Gained mutation: Your spells are a little easier to cast,
                  | but a little less powerful. [potion of mutation]
 55875 | Abyss:4  | Gained mutation: You have large cloven feet. [potion of
                  | mutation]
 55875 | Abyss:4  | Gained mutation: Your flesh is heat resistant. (rF+)
                  | [potion of mutation]
 56015 | Depths:4 | Escaped the Abyss
 56774 | Hell     | Killed Geryon
 56875 | Hell     | Found a gateway to the ashen valley of Gehenna.
 56993 | Hell     | Found a gateway to the Iron City of Dis.
 57085 | Hell     | Reached skill level 15 in Spellcasting
 57093 | Hell     | Found a gateway to the decaying netherworld of Tartarus.
 57109 | Hell     | Noticed Murray
 57128 | Hell     | Killed Murray
 57375 | Hell     | Found a gateway to the freezing wastes of Cocytus.
 57467 | Hell     | Got a pair of transparent gloves
 57478 | Hell     | Identified the +0 pair of gloves of the Turtle {rF+} (You
                  | acquired it in the Vestibule of Hell)
 57585 | Tar:1    | Entered Level 1 of Tartarus
 57708 | Tar:1    | Gained mutation: You occasionally shout uncontrollably at
                  | your foes. [mutagenic glow]
 58849 | Tar:4    | Reached skill level 10 in Summonings
 59605 | Tar:7    | Entered Level 7 of Tartarus
 60074 | Tar:7    | Reached skill level 1 in Translocations
 60240 | Tar:7    | Found the +11 plutonium sword {*Contam Stlth-}
 60637 | Tar:7    | Noticed Ereshkigal
 60673 | Tar:7    | Killed Ereshkigal
 61048 | Tar:7    | Got a pair of encrusted gloves
 61059 | Tar:7    | Identified the +0 pair of gloves of Protective Custody
                  | {rElec Str-3 Int+4 Dex+6} (You found it on level 7 of
                  | Tartarus)
 61062 | Tar:7    | Got a bone rune of Zot
 61100 | Tar:7    | Got a flickering platinum ring
 61104 | Tar:7    | Identified the ring "Dekar" {*Drain +Fly rN+ MR+ Dex+6}
                  | (You found it on level 7 of Tartarus)
 61764 | Tar:7    | Got a translucent golden amulet
 61766 | Tar:7    | Identified the amulet of Res Nullius {Spirit rN+ Str+4
                  | Int+2} (You found it on level 7 of Tartarus)
 61770 | Tar:7    | Identified a +1 pair of boots of running (You found it on
                  | level 7 of Tartarus)
 62258 | Coc:1    | Entered Level 1 of Cocytus
 62325 | Coc:2    | You fall through a shaft for 2 floors!
 62329 | Coc:4    | You fall through a shaft for 2 floors!
 62333 | Coc:7    | Entered Level 7 of Cocytus
 62659 | Coc:7    | Reached skill level 5 in Translocations
 63257 | Coc:7    | Noticed Antaeus
 63310 | Coc:7    | Killed Antaeus
 63373 | Coc:7    | Noticed a shard shrike
 63373 | Coc:7    | Noticed a shard shrike
 63373 | Coc:7    | Noticed a shard shrike
 63399 | Coc:7    | Killed a shard shrike
 63412 | Coc:7    | Killed a shard shrike
 63416 | Coc:7    | Killed a shard shrike
 63489 | Coc:7    | Got an icy rune of Zot
 63539 | Coc:7    | Noticed a shard shrike
 63539 | Coc:7    | Noticed a shard shrike
 63539 | Coc:7    | Noticed a shard shrike
 63546 | Coc:7    | Noticed a shard shrike
 63564 | Coc:7    | Killed a shard shrike
 63574 | Coc:7    | Killed a shard shrike
 63581 | Coc:7    | Killed a shard shrike
 63594 | Coc:7    | Killed a shard shrike
 64233 | Coc:7    | Identified the Reference Book on the Scorching Frostbite
 64236 | Coc:7    | Identified the Reference Book on the Dusty Snowflakes
 64259 | Coc:7    | Identified the +8 morningstar of Uskayaw's Esteem {freeze,
                  | rElec rF- Str+4} (You found it on level 7 of Cocytus)
 64438 | Geh:1    | Entered Level 1 of Gehenna
 64458 | Geh:1    | You fall through a shaft!
 64536 | Geh:2    | Reached skill level 1 in Hexes
 64597 | Geh:2    | Reached skill level 5 in Maces & Flails
 64870 | Geh:2    | Reached skill level 5 in Evocations
 64941 | Geh:2    | Cast into level 2 of the Abyss (hell knight)
 65140 | Geh:2    | Escaped the Abyss
 65231 | Geh:2    | You fall through a shaft!
 65235 | Geh:3    | You fall through a shaft!
 65258 | Geh:7    | Entered Level 7 of Gehenna
 65867 | Geh:7    | Got a coiled lead ring
 65868 | Geh:7    | Identified the ring of Dishonesty {*Contam rPois rF+ rC++
                  | Slay+3} (You found it on level 7 of Gehenna)
 65870 | Geh:7    | Identified the +7 chain mail of Ysolol {-Tele rPois rF++
                  | Slay+3} (You found it on level 7 of Gehenna)
 66030 | Geh:7    | Noticed the Serpent of Hell
 66152 | Geh:7    | Killed the Serpent of Hell
 66152 | Geh:7    | Reached skill level 5 in Hexes
 66337 | Geh:7    | Identified the amulet "Xeg Hepn" {RegenMP rElec SInv}
 66505 | Geh:7    | Learned a level 3 spell: Spectral Weapon
 66628 | Geh:7    | Identified the +7 sceptre of Asmodeus
 66628 | Geh:7    | Noticed Asmodeus
 66750 | Geh:7    | Killed Asmodeus
 66765 | Geh:7    | Got an obsidian rune of Zot
 66796 | Geh:7    | Identified Sif Muna's Tome of Talismans and the Traveller
 66989 | Dis:1    | Entered Level 1 of the Iron City of Dis
 67056 | Dis:1    | You fall through a shaft!
 67084 | Dis:2    | You fall through a shaft for 2 floors!
 67090 | Dis:4    | You fall through a shaft for 2 floors!
 67095 | Dis:7    | Entered Level 7 of the Iron City of Dis
 67811 | Dis:7    | Identified the +7 great sword "Ogovibu" {pain, MR+ SInv}
 67879 | Dis:7    | Gained mutation: You are clumsy. (Dex -2) [mutagenic glow]
 68783 | Dis:7    | Identified the +4 staff of Dispater
 68783 | Dis:7    | Noticed Dispater
 68869 | Dis:7    | Killed Dispater
 68909 | Dis:7    | Got an iron rune of Zot
 68958 | Dis:7    | Got a dazzling large shield
 68969 | Dis:7    | Identified the cursed -2 large shield of the Undertaker
                  | {rElec rPois Int-3 Dex-4} (You found it on level 7 of the
                  | Iron City of Dis)
 69275 | Pan      | Entered Pandemonium
 70057 | Pan      | Noticed Imizxux the pandemonium lord
 70069 | Pan      | Killed Imizxux the pandemonium lord
 70585 | Pan      | Found an exit through the horrors of the Abyss.
 70805 | Pan      | Noticed Amuxixze the pandemonium lord
 70819 | Pan      | Killed Amuxixze the pandemonium lord
 71055 | Pan      | Gained mutation: Your spells are easier to cast, but less
                  | powerful. [a cacodemon]
 71068 | Pan      | Gained mutation: Potions are less effective at restoring
                  | your health. [a cacodemon]
 71224 | Pan      | Reached skill level 10 in Hexes
 71542 | Pan      | Noticed Asefigah the pandemonium lord
 71569 | Pan      | Killed Asefigah the pandemonium lord
 71618 | Pan      | Got a demonic rune of Zot
 71712 | Pan      | Found an exit through the horrors of the Abyss.
 72181 | Pan      | Found a transporter.
 72208 | Pan      | Identified the amulet of the Final Princes {Faith rN++
                  | Int+3}
 72217 | Pan      | Found a transporter.
 72345 | Pan      | Noticed Xoilad the pandemonium lord
 72374 | Pan      | Killed Xoilad the pandemonium lord
 72440 | Pan      | Identified the +3 buckler "Sagrui" {+Fly rElec rPois}
 72749 | Pan      | Gained mutation: Scrolls take you a little longer to read.
                  | [a cacodemon]
 73891 | Pan      | Found an exit through the horrors of the Abyss.
 74285 | Pan      | Entered the realm of Lom Lobon.
 74791 | Pan      | Noticed Lom Lobon
 74851 | Pan      | Killed Lom Lobon
 75082 | Pan      | Got a magical rune of Zot
 75287 | Pan      | Identified the cursed +0 pair of boots "Sulawnoh" {rC+ rN+
                  | Int+2} (You found it in Pandemonium)
 75599 | Pan      | Noticed Ricion Vyt the pandemonium lord
 75649 | Pan      | Killed Ricion Vyt the pandemonium lord
 75676 | Pan      | Entered the realm of Cerebov.
 75692 | Pan      | Found an exit through the horrors of the Abyss.
 76265 | Pan      | Identified the +6 sword of Cerebov {flame}
 76265 | Pan      | Noticed Cerebov
 76437 | Pan      | Identified Qiag's Advanced Guide to Magic
 76441 | Pan      | Identified the Collected Works on the Poisonous Glacier
 76446 | Pan      | Identified the ring of the Heavens {Ice Dex+2} (You found
                  | it in Pandemonium)
 76468 | Pan      | Identified the Catalogue of Mutagenic Malediction
 76527 | Pan      | Identified the +4 hand crossbow "Plog" {velocity, Int+4}
 76588 | Pan      | Killed Cerebov
 76733 | Pan      | Identified the Collected Works on Dusty Toxins
 76763 | Pan      | Identified the +5 chain mail of Fuohazojo {rElec Dex+2}
                  | (You found it in Pandemonium)
 76813 | Pan      | Identified the Collected Works on Cloudy Transmutation
 76845 | Pan      | Got a fiery rune of Zot
 76894 | Pan      | Entered the realm of Mnoleg.
 76906 | Pan      | Found an exit through the horrors of the Abyss.
 77117 | Pan      | Gained mutation: You are very clumsy. (Dex -4) [a
                  | cacodemon]
 77118 | Pan      | Gained mutation: You sometimes yell uncontrollably at your
                  | foes. [a cacodemon]
 77236 | Pan      | Gained mutation: Your magical capacity is low. (-10% MP) [a
                  | neqoxec]
 77395 | Pan      | Gained mutation: Your magical capacity is very low. (-20%
                  | MP) [a cacodemon]
 77462 | Pan      | Gained mutation: You are frail. (-10% HP) [a cacodemon]
 77466 | Pan      | Lost intelligence.
 77469 | Pan      | Gained mutation: You are dopey. (Int -2) [a cacodemon]
 77555 | Pan      | Gained mutation: You frequently scream uncontrollably at
                  | your foes. [a cacodemon]
 77560 | Pan      | Lost intelligence.
 77563 | Pan      | Gained mutation: You are very frail. (-20% HP) [a
                  | cacodemon]
 77568 | Pan      | Gained mutation: Potions are poor at restoring your health.
                  | [a neqoxec]
 77612 | Pan      | Gained mutation: You are very dopey. (Int -4) [a neqoxec]
 77662 | Pan      | Gained mutation: You are weak. (Str -2) [a shining eye]
 77668 | Pan      | Gained mutation: Scrolls take you longer to read. [a
                  | shining eye]
 77669 | Pan      | Gained mutation: Your spells are much easier to cast, but
                  | much less powerful. [a shining eye]
 77892 | Pan      | Gained mutation: Armour fits poorly on your strangely
                  | shaped body. [a cacodemon]
 77970 | Pan      | Gained mutation: Potions cannot restore your health. [a
                  | cacodemon]
 77972 | Pan      | Gained mutation: You are extremely frail. (-30% HP) [a
                  | cacodemon]
 77978 | Pan      | Gained mutation: You are very weak. (Str -4) [a cacodemon]
 78207 | Pan      | Gained mutation: Your body sometimes deteriorates upon
                  | taking damage. [a shining eye]
 78211 | Pan      | Gained mutation: Your magical capacity is extremely low.
                  | (-30% MP) [a shining eye]
 78213 | Pan      | Gained mutation: Scrolls take you much longer to read. [a
                  | shining eye]
 78254 | Pan      | Gained mutation: Your body often deteriorates upon taking
                  | damage. [a cacodemon]
 78319 | Pan      | Noticed Mnoleg
 78327 | Pan      | Gained mutation: You do not regenerate when monsters are
                  | visible. [a neqoxec]
 78398 | Pan      | Killed Mnoleg
 78560 | Pan      | Lost mutation: Scrolls take you much longer to read. [a
                  | cacodemon]
 78567 | Pan      | Lost mutation: Armour fits poorly on your strangely shaped
                  | body. [a cacodemon]
 78662 | Pan      | Got a glowing rune of Zot
 78760 | Pan      | Gained mutation: Scrolls take you much longer to read. [a
                  | neqoxec]
 78773 | Pan      | Gained mutation: Armour fits poorly on your strangely
                  | shaped body. [a cacodemon]
 78842 | Pan      | Entered the realm of Gloorx Vloq.
 79372 | Pan      | Noticed Gloorx Vloq
 79476 | Pan      | HP: 6/169 [Executioner[Gloorx Vloq] (11)]
 79477 | Pan      | Killed Gloorx Vloq
 79477 | Pan      | Engulfed by a cloud of foul pestilence

Skill      XL: |  1  2  3  4  5  6  7  8  9 10 11 12 13 14 15 16 17 18 19 20 21 22 23 24 25 26 27 |
---------------+----------------------------------------------------------------------------------+-----
Shields        | 4 5 6 7 8 10 11 13 14 15 | 15.0
Staves         | 3 4 5 6 8 10 11 13 14 | 14.0
Armour         | 4 5 6 7 8 9 10 11 12 13 14 15 16 17 18 25 | 25.0
Dodging        | 1 2 3 4 5 6 7 8 9 10 12 13 21 | 21.5
Fighting       | 4 5 6 7 8 10 12 13 15 16 17 18 19 20 21 22 23 24 25 | 25.4
Stealth        | 1 2 3 4 6 8 11 13 15 25 | 25.7
Maces & Flails | 1 7 |  7.9
Invocations    | 1 5 7 9 11 12 14 | 14.3
Evocations     | 1 2 3 5 |  5.7
Charms         | 4 6 7 |  7.9
Necromancy     | 3 5 6 7 |  7.7
Spellcasting   | 4 6 7 9 10 11 12 22 | 22.4
Earth Magic    | 3 6 8 9 11 13 | 13.3
Summonings     | 4 10 | 10.5
Translocations | 6 |  6.8
Hexes          | 12 | 12.1
Throwing       | |  0.9
Transmutations | |  0.4

Action                   |  1- 3 |  4- 6 |  7- 9 | 10-12 | 13-15 | 16-18 | 19-21 | 22-24 | 25-27 || total
-------------------------+-------+-------+-------+-------+-------+-------+-------+-------+-------++-------
Melee: Quarterstaff      |   108 |    95 |   510 |   554 |       |    19 |    87 |       |       ||  1373
       Staff             |       |       |    13 |       |       |       |       |       |       ||    13
       Demon whip        |       |       |       |    22 |       |       |       |       |    13 ||    35
       Lajatang          |       |       |       |   183 |   792 |   965 |  1485 |  1163 |  7501 || 12089
       Sacred scourge    |       |       |       |       |       |       |       |       |     7 ||     7
Throw: Javelin           |       |       |       |       |       |       |     3 |       |     1 ||     4
 Cast: Regeneration      |       |       |       |       |       |       |    15 |    19 |   511 ||   545
       Aura of Abjuratio |       |       |       |       |       |       |       |       |    70 ||    70
       Spectral Weapon   |       |       |       |       |       |       |       |       |     7 ||     7
       Borgnjor's Vile C |       |       |       |       |       |       |       |       |     5 ||     5
       Darkness          |       |       |       |       |       |       |       |       |     2 ||     2
       Petrify           |       |       |       |       |       |       |       |       |     1 ||     1
       Passage of Golubr |       |       |       |       |       |       |       |       |     1 ||     1
Invok: Shadow Step       |       |       |       |     1 |       |       |     1 |       |     1 ||     3
       Shadow Form       |       |       |       |       |       |       |       |       |     1 ||     1
 Abil: Dig               |       |       |     3 |    10 |    30 |    12 |    16 |       |   102 ||   173
       Evoke Flight      |       |       |       |       |       |       |     1 |       |     4 ||     5
       Shaft Self        |       |       |       |       |       |       |       |     1 |     5 ||     6
Evoke: Wand              |       |       |       |     9 |    16 |       |     5 |       |    15 ||    45
       Fan of gales      |       |       |       |     1 |       |       |       |       |       ||     1
       Phantom mirror    |       |       |       |       |       |       |       |       |     4 ||     4
       Horn of Geryon    |       |       |       |       |       |       |       |       |     1 ||     1
  Use: Potion            |     1 |       |       |     3 |    18 |     1 |     3 |     8 |    44 ||    78
       Scroll            |     5 |       |     9 |    13 |     1 |     8 |    12 |     4 |    27 ||    79
 Stab: Distracted        |       |       |       |       |       |     1 |     5 |     5 |    55 ||    66
       Sleeping          |       |       |       |       |       |       |    14 |    42 |    48 ||   104
       Confused          |       |       |       |       |       |       |       |       |     3 ||     3
       Paralysed         |       |       |       |       |       |       |       |       |    11 ||    11
       Petrifying        |       |       |       |       |       |       |       |       |     3 ||     3
  Eat: Chunk             |       |     3 |    13 |    13 |     9 |     5 |    17 |    11 |    16 ||    87
       Ration            |       |       |       |     5 |     7 |     6 |     7 |     5 |    42 ||    72
Armor: Scale mail        |    57 |    32 |   158 |   116 |       |       |       |       |       ||   363
       Crystal plate arm |       |       |       |    85 |    32 |       |       |       |       ||   117
       Chain mail        |       |       |       |       |   148 |   129 |   179 |   140 |   727 ||  1323
       Skin              |       |       |       |       |     9 |       |       |       |       ||     9
       Plate armour      |       |       |       |       |       |       |       |       |   651 ||   651
Dodge: Dodged            |    38 |    25 |   213 |   222 |   436 |   263 |   326 |   388 |  3710 ||  5621
Block: Shield            |    62 |    44 |   285 |   354 |   378 |       |       |       |       ||  1123
       Large shield      |       |       |       |       |   215 |  1273 |  1652 |  1425 | 10561 || 15126
       Reflection        |       |       |       |       |       |       |    98 |    43 |    80 ||   221
